Cogmind - Beta 13 @@@ ROGUE MODE // 2024.04.21 @ 14:51:32 Player: Jason Result: Destroyed by G-47 Trooper with Particle Gun Performance ------------- Evolutions (2) 1000 Regions Visited (6) 1200 Robots Destroyed (108) 540 Value Destroyed (2920) 2920 Prototype IDs (6) 120 Alien Tech Used (0) 0 Bonus (655) 655 TOTAL SCORE: 6435 Bonus ------- High Alert Combat Kills 355 Aligned with FarCom 300 Cogmind --------- Core Integrity 0/550 Matter 161/300 Energy 93/100 System Corruption 0% Temperature Warm (144) Movement Walking (120) Location -8/Materials Parts ------- > --- POWER (1) -------- (None) > --- PROPULSION (3) --- Aluminum Leg > --- UTILITY (5) ------ Structural Scanner Hacking Suite > --- WEAPON (2) ------- Advanced Beam Cannon > --- INVENTORY (5) ---- Sensor Array Seismic Detector Heavy Assault Rifle Improved Light Cannon Rocket Launcher Peak State ------------ > --- POWER ------------ Heavy Ion Engine > --- PROPULSION ------- Light Treads Light Treads Light Treads > --- UTILITY ---------- High-capacity Storage Unit Structural Scanner Improved Terrain Scanner Terrain Scan Processor Medium Armor Plating > --- WEAPON ----------- Firepult > --- INVENTORY -------- Ion Engine Light Ion Engine Light Ion Engine Sensor Array Improved Signal Interpreter Terrain Scan Processor Improved Utility Shielding Light EM Pulse Cannon Particle Cannon Advanced Beam Cannon Heavy Assault Rifle Improved Light Cannon Rocket Launcher Rocket Launcher Mini Grenade Launcher Mini Grenade Launcher Heavy Mace Proton Bomb Trap [Rating: 38] Favorites ----------- Power Heavy Ion Engine Engine Heavy Ion Engine Power Core Nuclear Core Propulsion Light Treads Treads Light Treads Leg Aluminum Leg Wheel Wheel Utility High-capacity Storage Unit Device Improved Terrain Scanner Storage High-capacity Storage Unit Processor Terrain Scan Processor Hackware Hacking Suite Protection Medium Armor Plating Weapon Firepult Energy Gun Particle Gun Energy Cannon Firepult Ballistic Gun Light Assault Rifle Launcher Rocket Launcher Slashing Weapon Mining Claw Build | -11 -10 -9 -9 -9 -8 -8 ------- Run | Yrd Mat Mat Min Exi Min Mat Slots Evolved 4 | . . 2 . . . 2 Power . | . . . . . . . Propulsion 1 | . . . . . . 1 Utility 3 | . . 2 . . . 1 Weapon . | . . . . . . . Parts Attached 54 | 6 6 20 5 4 . 13 Power 8 | 1 1 4 . . . 2 Engine 7 | 1 1 4 . . . 1 Core 1 | . . . . . . 1 Reactor . | . . . . . . . Propulsion 18 | 2 1 8 2 . . 5 Treads 7 | . . 4 2 . . 1 Leg 1 | . . . . . . 1 Wheel 10 | 2 1 4 . . . 3 Hover . | . . . . . . . Flight . | . . . . . . . Utility 16 | 1 3 4 2 3 . 3 Device 7 | . 1 2 1 2 . 1 Storage 4 | 1 2 . . 1 . . Processor 1 | . . 1 . . . . Hackware 1 | . . . . . . 1 Protection 3 | . . 1 1 . . 1 Artifact . | . . . . . . . Weapon 12 | 2 1 4 1 1 . 3 Energy Gun 2 | 1 . . 1 . . . Energy Cannon 2 | . . . . 1 . 1 Ballistic Gun 1 | 1 . . . . . . Ballistic Cannon . | . . . . . . . Launcher 6 | . 1 3 . . . 2 Special Weapon . | . . . . . . . Impact Weapon . | . . . . . . . Slashing Weapon 1 | . . 1 . . . . Piercing Weapon . | . . . . . . . Special Melee Weapon . | . . . . . . . Unidentified Prototypes 3 | . . 1 . 2 . . Parts Lost 26 | . . 11 1 . . 14 Power 2 | . . 1 . . . 1 Propulsion 11 | . . 5 . . . 6 Utility 6 | . . 2 . . . 4 Weapon 7 | . . 3 1 . . 3 Highest Loss Streak 9 | . . 6 1 . . 9 To Critical Strikes . | . . . . . . . Average Slot Usage (%) 90 | . 93 91 98 93 88 78 Engine 10 | . 14 10 11 11 11 7 Treads 14 | . . 7 22 22 22 10 Wheel 6 | . 28 11 . . . 6 Device 14 | . 7 21 13 10 11 17 Storage 11 | . 14 11 11 11 11 8 Processor 9 | . . 8 11 11 11 9 Protection 6 | . . 1 7 11 11 6 Energy Gun 3 | . 14 . 6 4 . . Energy Cannon 4 | . . . . 6 11 8 Launcher 6 | . 11 12 15 4 . . Slashing Weapon 1 | . . 5 . . . . Naked Turns . | . . . . . . . Heaviest Build 79 | 11 51 58 64 78 78 79 Greatest Support 60 | 26 26 40 40 40 40 60 Greatest Overweight (x) 25 | . 1 17 1 1 1 25 Average Overweight (x) 1 | . . 2 1 1 1 2 Largest Inventory Capacity 20 | 8 20 20 20 20 20 20 Average Capacity 19 | 7 9 20 20 20 20 19 Most Carried 20 | 6 8 20 20 20 20 20 Average Carried 17 | 2 7 16 19 19 19 19 Final Capacity 20 | 8 20 20 20 20 20 5 Final Carried 20 | 6 7 20 20 20 20 5 Class Distribution -------------------- 45% | Mutant 23% | Skirmisher 15% | Scavenger-Skirmisher 8% | Scavenger-Mutant 7% | Scavenger-Assassin Dominant Class ---------------- Mutant | -10/Materials Scavenger-Assassin | -9/Materials Mutant | -9/Mines Mutant | -9/Exiles Skirmisher | -8/Mines Scavenger-Skirmisher | -8/Materials Resources | -11 -10 -9 -9 -9 -8 -8 ----------- Run | Yrd Mat Mat Min Exi Min Mat Matter Collected 1939 | 260 200 835 287 139 38 180 Remotely . | . . . . . . . Salvage Created 2684 | . 318 898 259 . . 1209 Parts 149 | . 35 65 7 . . 42 Haulers Intercepted 3 | . . 3 . . . . Recyclers Shooed 1 | . . 1 . . . . Parts Field Recycled . | . . . . . . . Retrieved Matter . | . . . . . . . Parts Self-Destructed . | . . . . . . . Prevented . | . . . . . . . Kills | -11 -10 -9 -9 -9 -8 -8 ------- Run | Yrd Mat Mat Min Exi Min Mat Combat Hostiles Destroyed 76 | . 10 32 10 . . 24 Guns 4 | . 2 . 2 . . . Cannons 5 | . . . . . . 5 AOE 62 | . 8 32 8 . . 14 Classes Destroyed 14 | . 7 4 2 . . 1 Worker 12 | . 1 6 . . . 5 Builder 8 | . 2 1 . . . 5 Tunneler 4 | . . 2 2 . . . Hauler 3 | . . 3 . . . . Recycler 3 | . 1 1 1 . . . Operator 1 | . 1 . . . . . Watcher 6 | . 2 3 . . . 1 Swarmer 13 | . 6 3 . . . 4 Grunt 46 | . 4 22 3 . . 17 Brawler 2 | . . 1 . . . 1 Sentry 7 | . . 6 . . . 1 Demolisher 2 | . . . 2 . . . Hunter 1 | . . . . . . 1 Assembled 5 | . . . 5 . . . Best Kill Streak 12 | . 5 12 5 . . 8 Combat Bots Only 10 | . 5 10 3 . . 5 Max Kills in Single Turn 5 | . 2 5 2 . . 5 Gunslinging . | . . . . . . . Exploded 4 | . 2 4 2 . . 3 Melee . | . . . . . . . Uniques/NPCs Destroyed . | . . . . . . . Combat | -11 -10 -9 -9 -9 -8 -8 -------- Run | Yrd Mat Mat Min Exi Min Mat Hostile Shots Fired 283 | . 18 117 13 . . 135 Missed 80 | . 6 38 2 . . 34 Damage Taken 3486 | . 214 1087 357 24 70 1734 Core 927 | . 61 196 106 . . 564 Absorbed by Shields . | . . . . . . . Regen/Repaired (Parts) 20 | . . 20 . . . . Core Remaining (%) 66 | 100 75 . . . 24 . Volleys Fired 126 | . 29 55 16 . . 26 Largest 2 | . 2 2 2 . . 2 Hottest 250 | . 70 66 98 . . 250 Shots Fired 163 | . 45 58 26 2 4 28 Gun 39 | . 29 . 9 1 . . Cannon 29 | . . . . 1 4 24 Launcher 95 | . 16 58 17 . . 4 Special . | . . . . . . . Kinetic . | . . . . . . . Thermal 39 | . . . 9 2 4 24 Explosive 95 | . 16 58 17 . . 4 Electromagnetic 29 | . 29 . . . . . Robot Hit Streak 8 | . 3 6 8 . . 6 Robot Miss Streak 5 | . 3 3 5 . . 5 Penetration Max . | . . . . . . . Secondary Targets . | . . . . . . . Shots Hit Robots 71 | . 9 34 13 . . 15 Core Hits 184 | . 26 78 23 . . 57 Critical Kills . | . . . . . . . Critical Parts Destroyed . | . . . . . . . Critical Strikes 1 | . 1 . . . . . Corrupt 1 | . 1 . . . . . Melee Attacks 21 | . . 21 . . . . Impact . | . . . . . . . Slashing 21 | . . 21 . . . . Piercing . | . . . . . . . Sneak Attacks 3 | . . 3 . . . . Combat Hostiles . | . . . . . . . Follow-up Attacks . | . . . . . . . Damage Inflicted 6829 | . 732 3254 691 . . 2152 Guns 191 | . 101 . 90 . . . Cannons 426 | . . . . . . 426 Explosions 6074 | . 631 3116 601 . . 1726 Melee 138 | . . 138 . . . . Ramming . | . . . . . . . Kinetic . | . . . . . . . Thermal 1813 | . . . 90 . . 1723 Explosive 4777 | . 631 3116 601 . . 429 Electromagnetic 101 | . 101 . . . . . Impact . | . . . . . . . Slashing 138 | . . 138 . . . . Piercing . | . . . . . . . Highest Corruption 5 | . . 5 5 5 5 . Average Corruption 4 | . . 3 5 5 5 . Corruption Purged . | . . . . . . . Corruption Blocked . | . . . . . . . Effects 130 | . . 37 15 40 38 . Message Errors 29 | . . 12 3 10 4 . Matter Fused 34 | . . 10 5 13 6 . Heat Flow Errors 17 | . . 4 . 3 10 . Energy Discharges 12 | . . 2 1 4 5 . Parts Rejected 1 | . . . 1 . . . Parts Fused 2 | . . . . 2 . . Data Loss (minor) 18 | . . 5 1 6 6 . Data Loss (major) 5 | . . 2 1 . 2 . Misfires 9 | . . 2 1 2 4 . Alerts 3 | . . . 2 . 1 . Overload Shots . | . . . . . . . Overflow Damage 158 | . 9 63 28 . . 58 Projectiles . | . . . . . . . Explosions 158 | . 9 63 28 . . 58 Melee . | . . . . . . . Knockbacks . | . . . . . . . Impact . | . . . . . . . Kinetic . | . . . . . . . Secondary . | . . . . . . . Self-Inflicted Damage 459 | . 114 136 47 24 70 68 Shots 30 | . 5 6 2 2 6 9 Rammed . | . . . . . . . Targets Rammed . | . . . . . . . Kicked . | . . . . . . . Crushed . | . . . . . . . Highest Temperature 867 | . 45 263 78 254 279 867 Average Temperature 170 | . 15 65 34 104 114 305 Received Heat Transfer 1239 | . 30 438 6 . . 765 Effects 33 | . . . . . 1 32 Shutdowns 4 | . . . . . . 4 Energy Bleed 4 | . . . . . 1 3 Interference 9 | . . . . . . 9 Matter Decay 4 | . . . . . . 4 Short Circuit 2 | . . . . . . 2 Damage (minor) 4 | . . . . . . 4 Damage (major) 5 | . . . . . . 5 Damage (core) 1 | . . . . . . 1 Siege Activations . | . . . . . . . Robots Corrupted . | . . . . . . . Combat Hostiles . | . . . . . . . Parts Fried 1 | . 1 . . . . . Impact Corruptions . | . . . . . . . Robots Melted 6 | . . . . . . 6 Combat Hostiles 5 | . . . . . . 5 Parts Melted 28 | . . . . . . 28 Heat Transferred 9570 | . . . 222 . . 9348 Parts Sabotaged . | . . . . . . . Parts Stolen . | . . . . . . . Parts Stripped . | . . . . . . . Power Chain Reactions . | . . . . . . . Alert | -11 -10 -9 -9 -9 -8 -8 ------- Run | Yrd Mat Mat Min Exi Min Mat Peak Influence 984 | . 238 984 580 . 21 489 Initial 378 | . . 68 378 . . 2 Average 261 | . 68 516 466 . 5 146 Maximum Alert Level 3 | . 1 3 2 . . 2 Low Security (%) 54 | 100 96 15 . . 100 68 Level 1 19 | . 3 31 41 . . 24 Level 2 15 | . . 23 58 . . 6 Level 3 9 | . . 29 . . . . Level 4 . | . . . . . . . Level 5 . | . . . . . . . High Security . | . . . . . . . Max Security . | . . . . . . . Squads Dispatched 14 | . 2 6 . . . 6 Investigation 7 | . . 5 . . . 2 Extermination . | . . . . . . . Reinforcement 6 | . 2 1 . . . 3 Assault . | . . . . . . . Garrison 1 | . . . . . . 1 Intercept . | . . . . . . . Searches Triggered . | . . . . . . . Construction Impeded 2 | . . . . . . 2 Haulers Reinforced . | . . . . . . . Active Scanning Responses . | . . . . . . . Cargo Convoy Interrupts . | . . . . . . . Stealth | -11 -10 -9 -9 -9 -8 -8 --------- Run | Yrd Mat Mat Min Exi Min Mat Distress Signals 9 | . 1 2 1 . . 5 Communications Jammed . | . . . . . . . Distress Signals . | . . . . . . . Times Spotted 96 | . 17 37 8 . . 34 Peak Tracking Total 9 | . 5 9 4 . . 9 Tactical Retreats 3 | . . . 1 . . 2 Traps | -11 -10 -9 -9 -9 -8 -8 ------- Run | Yrd Mat Mat Min Exi Min Mat Traps Triggered 3 | . . 3 . . . . Indirectly . | . . . . . . . Trap Hack Attempts . | . . . . . . . Triggered . | . . . . . . . Disarmed . | . . . . . . . Reprogrammed . | . . . . . . . Reused . | . . . . . . . Traps Extracted . | . . . . . . . Installed 1 | . . . . . . 1 Triggered 1 | . 1 . . . . . Most Traps Carried 1 | . . . 1 1 1 1 Machines | -11 -10 -9 -9 -9 -8 -8 ---------- Run | Yrd Mat Mat Min Exi Min Mat Machines Disabled 20 | . 3 14 . 1 . 2 Max in Single Turn 2 | . 1 2 . 1 . 1 Machines Repaired . | . . . . . . . Machines Dismantled . | . . . . . . . Machines Sabotaged . | . . . . . . . Overloaded Fab Kills . | . . . . . . . Hacking | -11 -10 -9 -9 -9 -8 -8 --------- Run | Yrd Mat Mat Min Exi Min Mat Machines Accessed 20 | . 5 9 . 4 . 2 Terminals 11 | . 4 5 . . . 2 Fabricators . | . . . . . . . Repair Stations 2 | . . 2 . . . . Recycling Units 2 | . 1 1 . . . . Scanalyzers 1 | . . 1 . . . . Garrison Access . | . . . . . . . Total Hacks 114 | . 22 36 . 49 . 7 Successful 88 | . 11 24 . 49 . 4 Failed 26 | . 11 12 . . . 3 Catastrophic 7 | . 3 3 . . . 1 Database Lockouts . | . . . . . . . Manual 7 | . 3 2 . 2 . . Terminals 42 | . 19 16 . . . 7 Fabricators . | . . . . . . . Repair Stations 9 | . . 9 . . . . Recycling Units 5 | . 3 2 . . . . Scanalyzers 9 | . . 9 . . . . Garrison Access . | . . . . . . . Terminal Hacks 72 | . 9 10 . 49 . 4 Record 56 | . . 4 . 49 . 3 Prototype ID Bank 1 | . 1 . . . . . Level Access Points 1 | . . . . . . 1 Branch Access Points 2 | . 1 1 . . . . Emergency Access Points 1 | . . 1 . . . . Unreport Threat 1 | . 1 . . . . . Locate Traps 3 | . 2 1 . . . . Dispatch Records 1 | . . 1 . . . . Surveillance Status 1 | . 1 . . . . . Recall Investigation 3 | . 2 1 . . . . Registered Prototypes 1 | . . 1 . . . . Zone Layout 1 | . 1 . . . . . Fabricator Hacks . | . . . . . . . Repair Station Hacks 5 | . . 5 . . . . Scan Component 3 | . . 3 . . . . Repair 1 | . . 1 . . . . Refit 1 | . . 1 . . . . Recycling Unit Hacks 3 | . 2 1 . . . . Process 1 | . 1 . . . . . Report Inventory 2 | . 1 1 . . . . Scanalyzer 8 | . . 8 . . . . Insert Component 4 | . . 4 . . . . Analyze 4 | . . 4 . . . . Garrison Access Hacks . | . . . . . . . Unauthorized Hacks . | . . . . . . . Terminals . | . . . . . . . Fabricators . | . . . . . . . Repair Stations . | . . . . . . . Recycling Units . | . . . . . . . Scanalyzers . | . . . . . . . Garrison Access . | . . . . . . . Data Cores Recovered . | . . . . . . . Used . | . . . . . . . Hacking Detections 15 | . 5 8 . . . 2 Full Trace Events 11 | . 3 6 . . . 2 Feedback Events 1 | . . 1 . . . . Corruption 1 | . . 1 . . . . Feedback Blocked . | . . . . . . . Robot Schematics Acquired . | . . . . . . . Robots Built . | . . . . . . . Authchips . | . . . . . . . Time . | . . . . . . . Total Robot Build Rating . | . . . . . . . Part Schematics Acquired 4 | . . 4 . . . . Parts Built . | . . . . . . . Authchips . | . . . . . . . Time . | . . . . . . . Total Part Build Rating . | . . . . . . . Parts Repaired 1 | . . 1 . . . . Time 26 | . . 26 . . . . Parts Recycled . | . . . . . . . Recycled Matter 75 | . 75 . . . . . Retrieved Matter . | . . . . . . . Retrieved Components . | . . . . . . . Parts Scanalyzed 4 | . . 4 . . . . Part Schematics Acquired 4 | . . 4 . . . . Parts Damaged . | . . . . . . . Bothacking | -11 -10 -9 -9 -9 -8 -8 ------------ Run | Yrd Mat Mat Min Exi Min Mat Used RIF Installer . | . . . . . . . Robots Hacked . | . . . . . . . Non-combat . | . . . . . . . Combat . | . . . . . . . Robot Hacks Applied . | . . . . . . . Relay Couplers Released . | . . . . . . . Fabnet Peak Effective % . | . . . . . . . Robots Rewired . | . . . . . . . Allies Hacked . | . . . . . . . Hacks Repelled . | . . . . . . . Allies | -11 -10 -9 -9 -9 -8 -8 -------- Run | Yrd Mat Mat Min Exi Min Mat Total Allies . | . . . . . . . Largest Group . | . . . . . . . Highest-Rated Group . | . . . . . . . Highest-Rated Ally . | . . . . . . . Total Orders . | . . . . . . . Ally Attacks . | . . . . . . . Total Damage . | . . . . . . . Kills . | . . . . . . . Allies Corrupted . | . . . . . . . Allies Melted . | . . . . . . . Intel | -11 -10 -9 -9 -9 -8 -8 ------- Run | Yrd Mat Mat Min Exi Min Mat Robot Analysis Total . | . . . . . . . Derelict Logs Recovered 2 | . . . 2 . . . Drone Launches . | . . . . . . . Drone Recoveries . | . . . . . . . Exploration | -11 -10 -9 -9 -9 -8 -8 ------------- Run | Yrd Mat Mat Min Exi Min Mat Turns Passed 7548 | 68 615 1973 678 1753 1591 870 Spaces Moved 3517 | 62 511 1069 262 727 584 302 Core 32 | 5 . 14 . . . 13 Treads 1988 | . . 265 262 727 584 150 Legs 1 | . . . . . . 1 Wheels 1496 | 57 511 790 . . . 138 Hover . | . . . . . . . Flight . | . . . . . . . Fastest Speed 50 | 50 90 105 240 240 240 100 Average Speed 189 | 86 92 157 240 240 240 220 Slowest Speed 1300 | 90 105 900 240 240 240 1300 Overloaded Moves . | . . . . . . . Propulsion Burnouts . | . . . . . . . Robots Hopped . | . . . . . . . Cave-ins Triggered . | . . . . . . . Time Travels 1 | . . . . 1 . . Exploration Rate (%) 56 | 4 72 66 59 73 91 30 Regions Visited 6 Branch Regions 3 Pre-discovered Areas 2 | . . . 1 1 . . Known Exits Taken 2 | . . 1 . . 1 . Unknown Exits Taken 4 | 1 1 . 1 1 . . Scrap Searched 4 | . . . 1 . 3 . Spaces Dug 27 | . . 22 . . . 5 Terrain Destroyed 772 | . 112 368 125 2 30 135 Melee 10 | . . 10 . . . . Projectile 8 | . . . . . . 8 AOE 754 | . 112 358 125 2 30 127 Terrain Rammed . | . . . . . . . Walls Destroyed . | . . . . . . . Machines Disabled . | . . . . . . . Actions | -11 -10 -9 -9 -9 -8 -8 --------- Run | Yrd Mat Mat Min Exi Min Mat Total 4222 | 73 608 1256 289 738 776 482 Wait 423 | . 48 64 . . 187 124 Move 3511 | 61 510 1068 261 726 583 302 Hop . | . . . . . . . Pick Up 48 | 6 5 21 3 2 3 8 Fast Attach 21 | 6 2 6 . 2 . 5 Attach 14 | . . 6 2 . . 6 Detach 1 | . 1 . . . . . Swap 19 | . 4 8 3 2 . 2 Drop 37 | . 9 7 4 6 3 8 Fire 126 | . 29 55 16 . . 26 Melee 21 | . . 21 . . . . Ram . | . . . . . . . Kick . | . . . . . . . Crush . | . . . . . . . Escape Stasis . | . . . . . . . Rewire . | . . . . . . . Trap 1 | . . . . . . 1 Miscellaneous . | . . . . . . . Route ------- -11/Scrapyard -10/Materials (discovered 4 exits: *Mat x2 / *Min x2) -9/Materials (discovered 2 exits: *Mat / *Min) -9/Mines (discovered 3 exits: *Mat x2 / *Exi) -9/Exiles (discovered 2 exits: [*Min x2]) -8/Mines (discovered 2 exits: *Mat x2) -8/Materials (discovered 3 exits: Fac x3) History --------- Turn | Location | Event 6 | -11/Scrapyard | Discovered new exit (range 15) 69 | -11/Scrapyard | Entered Materials 162 | -10/Materials | Discovered new exit (range 15) 281 | -10/Materials | Discovered new exit (range 3) 319 | -10/Materials | Build established: Mutant 320 | -10/Materials | Discovered new exit (range 6) 443 | -10/Materials | Discovered new exit (range 7) 460 | -10/Materials | Identified exit to Mines 684 | -10/Materials | Entered another Materials area 684 | -9/Materials | Evolved 2 slots: Utility x2 881 | -9/Materials | Repaired Wheel 974 | -9/Materials | Identified exit to Mines 1054 | -9/Materials | Destroyed 10 combat bots 1063 | -9/Materials | Lost 6 parts (1p2n2u1w) 1416 | -9/Materials | Build established: Scavenger-Assassin 1667 | -9/Materials | Discovered new exit (range 3) 1737 | -9/Materials | Destroyed 7 combat bots 1895 | -9/Materials | Lost 3 parts (2n1w) 2215 | -9/Materials | Build established: Scavenger-Mutant 2615 | -9/Materials | Build established: Scavenger-Skirmisher 2657 | -9/Materials | Entered Mines 2673 | -9/Mines | Assembled infested the area 2752 | -9/Mines | Learned location of Zion (-6) 2761 | -9/Mines | Found a hidden stash of uninstalled traps 2782 | -9/Mines | Core integrity fell below 50% 2954 | -9/Mines | Identified exit to Materials 3114 | -9/Mines | Discovered exit to Materials (range 10) 3177 | -9/Mines | Build established: Mutant 3319 | -9/Mines | Deemed a non-threat by the Exiles lab entrance 3319 | -9/Mines | Discovered new exit (range 6) 3335 | -9/Mines | Entered Exiles 3398 | -9/Exiles | Discovered new exit (range 14) 3442 | -9/Exiles | Met 8R-AWN 3480 | -9/Exiles | Met EX-HEX 3706 | -9/Exiles | Met EX-BIN 3756 | -9/Exiles | Aligned with FarCom system 3758 | -9/Exiles | Given EX-Vault access code 4068 | -9/Exiles | Opened EX-Vault 4105 | -9/Exiles | Found Prototype Device 4105 | -9/Exiles | Identified Chronowheel 4105 | -9/Exiles | Activated Chronowheel 4105 | -9/Exiles | Spacetime reconverged on an earlier point 4124 | -9/Exiles | Found Prototype Energy Cannon 4124 | -9/Exiles | Identified Firepult 4180 | -9/Exiles | Warned to stay clear of 0b10 Research branches 4259 | -9/Exiles | Met EX-DEC 4848 | -9/Exiles | Discovered new exit (range 12) 5088 | -9/Exiles | Left Exiles lab with Firepult 5088 | -9/Exiles | Entered Mines 5215 | -8/Mines | Discovered exit to Materials (range 16) 5383 | -8/Mines | Build established: Skirmisher 6021 | -8/Mines | Discovered exit to Materials (range 14) 6679 | -8/Mines | Entered Materials 6679 | -8/Materials | Evolved 2 slots: Propulsion x1, Utility x1 6768 | -8/Materials | Identified exit to Factory 6994 | -8/Materials | Build established: Scavenger-Skirmisher 7492 | -8/Materials | Garrison activated, responded to threat 7513 | -8/Materials | Core integrity fell below 50% 7529 | -8/Materials | Core integrity fell below 20% 7549 | -8/Materials | Destroyed by G-47 Trooper with Particle Gun Last Messages --------------- 07526_ M-13 Machinist repairs Mining Laser. 07527_ K-01 Serf collects debris. 07527_ W-25 Informer sends out distress signal. 07528_ Overheating: Energy bleed (-13). 07531_ Overheating: Matter decay (-41). 07532_ Overheating: Hcp. Storage Unit damaged (-5). 07532_ K-01 Serf collects debris. 07535_ G-47 Trooper destroyed. 07536_ K-01 Serf collects debris. 07537_ Hcp. Storage Unit destroyed. 07538_ K-01 Serf collects debris. 07543_ Critical hit (Burn: +37). 07543_ Terrain Scan Processor destroyed. 07546_ K-01 Serf collects debris. 07546_ Acquired Aluminum Leg. 07548_ U-05 Engineer builds a Wall. 07548_ Mni. Grenade Launcher destroyed. 07548_ K-01 Serf collects debris. 07549_ R-06 Scavenger collects Wheel. Map ----- +----------------------------------------------------+ | ## #### ## ###### ###?#### | | ?? ?? ? #????? ## # # ######?# | | ??????? ?#???""" "" ## # # ######## | | ?# ?? ????????""? "" ## # ? # ##???### | | ?? ? ????#?? "??? T" ## # #! ####???? | | ??? ??????#?"??? "" ## # # #####?#? | | ???????#???? ??? "? + + ? # ##?????? | | ????#????#?????????? ## # # ##?##### | | ??????????????+######## ########" #########?## | | ?????????????? ######## ### ] [ = #####?###?? | | ?????????????? ###! ![ !"#####?#??? | | ????????????? ;## [ [% "###?#??#? | | ????????????? = ####????? | | ??????????????" # # # ####????? | | ??????????????" r "##????? | | ??????????????" "## w % "##????? | | ??????????????" ## != =% " ""???? | | ???????????????? ## #+#### # ""???? | | ?????????????????### # ## # ""???? | | ??????????????????## # ?? ## + ? ???? | | ???????????????????## * # ????? # ?????? | | ????????????????????## =%= # ? ???? + ?????? | | ????????????????????## # ?????? ###????? | | ????????????????????## !% ##### ?? ???? ?????? | | ????????????????????## w* /##### ???#???????????? | | ????????????????????## !!@m###???????????????????? | | ????????????????????## **]##????????????????????? | | ????????????????????## ! ##????????????????????? | | ????????????????????## ##????????????????????? | | ????????????????????## ##????????????????????? | | ????????????????????## ##????????????????????? | | ????????????????????## k ##????????????????????? | | ???????????Y????????## !% #????????????????????? | | ????????????????????## ##???????????????????? | | ????????????????????## =k #???????????????????? | | ????????????????????## ggYt##???????????????????? | | ????????????????????## g=###???????????????????? | | ????????????????????## *%%###???????????????????? | | ????????????????????## == ????????????????????? | | ????????????????????##;# # ?????????????????????? | | ????????????????????# a#g?????????????????????? | | ??????????????????????"?" ? ?????????????????????? | | ?????????????????????????????????????????????????? | | ?????????????????????????????????????????????????? | | ?????????????????????????????????????????????????? | | ?????????????????????????????????????????????????? | | ?????????????????????????????????????????????????? | | ?????????????????????????????????????????????????? | | ?????????????????????????????????????????????????? | | ?????????????????????????????????????????????????? | +----------------------------------------------------+ Best States ------------- Heat Dissipation 31 Energy Generation 14 Energy Capacity 280 Matter Stores 300 Matter Capacity 300 Sight Range 16 Robot Scan Range 14 Terrain Scan Range 16 Terrain Scan Density 85 Armor Coverage 225 Evasion (%) 44 Recoil Reduction 3 Offensive Hacking 10 Item Schematics ----------------- Rocket Launcher | -9/Materials | Scanalyzed Adv. Beam Cannon | -9/Materials | Scanalyzed Med. Armor Plating | -9/Materials | Scanalyzed Hvy. Assault Rifle | -9/Materials | Scanalyzed Robot Schematics ------------------ None Fabricated ------------ Nothing Alien Tech Used ----------------- None Achievements -------------- I Survived The Infestation Part-time Excavator Safety First Challenges ------------ None Game ------ Seed DirtyCommKinecellerator Manual? 0 Play Time 01:23:08 Cumulative 23.7 hours Start 2024.04.21 @ 10:04:13 End 2024.04.21 @ 14:51:32 Sessions 1 Manual Loads 0 Difficulty Rogue Special Mode None Game No. 22 Rogue 22 Adventurer 0 Explorer 0 Win Type - Total 0 Types 0/0/0/0/0/0/0/0/0 Lore% 13 Gallery% 19 Achievement% 14 Wizard Run 0 Options --------- Layout 1 ASCII 0 Keyboard 0 Movement Mouse Keybinds 0 Fullscreen 2 Font 24/Smallcaps Map View 50x35 Zoom Use 0% Tactical HUD 1 Map Filters NONE Filters NONE Steam 1 RUN: a5f6d3fb-7746-4a93-a100-c388d2b954b3